Unix NetHack Version 5.0.0-0 post-release - last build Jun 10 2026 00:39:30 (3ee93aec679c4c4259841fe613dc97188e26a321,branch:main).

Game began 2026-06-10 17:05:42, ended 2026-06-10 17:18:06.

Eisengrim, chaotic male elven Wizard

                                ----   --------
                                |?%-----....=.|
                                |^^^..^....@f.|
                                |^------000h..|
                                |^|    |......|
                                |^|------.----|
                                |^||....|.....|
                                |^||.000|.0.0.|
                                |^|-......00..|
                                |<|>...---....|
                                -------- ------

Eisengrim the Conjurer    St:12 Dx:13 Co:10 In:18 Wi:13 Ch:11  Chaotic
Dlvl:5  $:430 HP:0(18) Pw:43(43) AC:9  Xp:3 T:1877 

Latest messages:
 The door opens.
 Something is written here in the dust.
 You read: "a  ?e??rium".
 In what direction?
 The statue shatters.
 You see here 38 rocks.
 A lit field surrounds you!
 Where do you want to travel to?
 (For instructions type a '?')
 You climb up the stairs.
 You see here a maple wand.
 E - a maple wand.
 With great effort you move the boulder.
 With great effort you move the boulder.
 With great effort you move the boulder.
 You try to move the boulder, but in vain.
 With great effort you move the boulder.
 The boulder suddenly rolls away from you!
 You hear a boulder fall.
 With great effort you move the boulder.
 With great effort you move the boulder.
 The boulder suddenly rolls away from you!
 You hear a boulder fall.
 You escape a rolling boulder trap.
 Click!  The kitten triggers a rolling boulder trap.
 Air currents pull you down into a pit!
 There is a pit here.
 You see here a tripe ration.
 F - a tripe ration.
 You are still in a pit.
 You are still in a pit.
 You are still in a pit.
 You crawl to the edge of the pit.
 Click!  The kitten triggers a rolling boulder trap.
 You stop.  Your kitten is in the way!
 Click!  The kitten triggers a rolling boulder trap.
 You escape a rolling boulder trap.
 You swap places with your kitten.
 You miss the hobbit.
 The hobbit thrusts his elven dagger.
 The hobbit hits!
 You miss the hobbit.
 The hobbit thrusts his elven dagger.
 The hobbit hits!
 You die...
 Do you want your possessions identified? [ynq] (y)
 Do you want to see your attributes? [ynq] (y)
 Do you want an account of creatures vanquished? [ynaq] (y)
 Do you want to see your conduct and achievements? [ynq] (y)
 Do you want to see the dungeon overview? [ynq] (y)

Inventory:
 Coins    ('$')
  $ - 430 gold pieces
 Weapons  (')')
  w - a +0 orcish dagger (weapon in right hand)
  a - a blessed +1 quarterstaff
 Armor    ('[')
  b - an uncursed +0 cloak of magic resistance (being worn)
 Comestibles  ('%')
  r - an uncursed food ration
  F - an uncursed tripe ration
 Scrolls  ('?')
  i - an uncursed scroll of create monster
  z - a cursed scroll of earth
  j - a blessed scroll of enchant armor
  D - an uncursed scroll of fire
  k - an uncursed scroll of identify
  A - an uncursed scroll of taming
 Spellbooks  ('+')
  l - a blessed spellbook of force bolt
  m - an uncursed spellbook of light
 Potions  ('!')
  g - an uncursed potion of extra healing
  B - a blessed potion of gain level
  v - an uncursed potion of paralysis
  h - a blessed potion of see invisible
  f - an uncursed potion of see invisible
 Rings    ('=')
  e - an uncursed ring of fire resistance
  d - an uncursed +1 ring of increase damage
 Wands    ('/')
  c - a wand of cancellation (0:7)
  E - a wand of lightning (0:7)
  t - a wand of secret door detection (0:15)
  C - a wand of slow monster (0:5)
 Tools    ('(')
  o - an uncursed bell
  n - a magic marker (0:21)
  s - an uncursed magic whistle
 Gems/Stones  ('*')
  p - an uncursed worthless piece of black glass

Eisengrim the Wizard's attributes:

Background:
 You were a Conjurer, a level 3 male elven Wizard.
 You were chaotic, nominally on a mission for Anhur
 who was opposed by Ptah (lawful) and Thoth (neutral).
 You were right-handed.
 You were in Sokoban, on level 5.
 You entered the dungeon 1877 turns ago.
 You had 74 experience points, 6 more were needed to attain level 4.

Basics:
 You had 0 out of 18 hit points.
 You had all 43 energy points (spell power).
 Your armor class was 9.
 Your wallet contained 430 zorkmids.
 Autopickup was off.

Final Characteristics:
 Your strength was 12 (limit:18).
 Your dexterity was 13 (limit:18).
 Your constitution was 10 (limit:16).
 Your intelligence was 18 (limit:20).
 Your wisdom was 13 (limit:20).
 Your charisma was 11 (limit:18).

Final Status:
 You weren't hungry.
 You were unencumbered.
 You were wielding a dagger.
 You were unskilled in dagger.

Final Attributes:
 You were devoutly aligned.
 You were magic-protected.
 You had infravision.
 You were warded.
 You are dead.

Miscellaneous:
 You didn't encounter any bones levels.
 Total elapsed playing time was 12 minutes and 22 seconds.

Major events:
 Turn
    1: Eisengrim the chaotic male elven Wizard entered the dungeon
 1289: attained the rank of Conjurer (level 3)
 1828: entered Sokoban
 1877: killed by a hobbit

Spells:
 Name                 Level Category     Fail Retention
 force bolt             1   attack         0%  91%-100%
 light                  1   divination     0%  76%-100%

Skills:
 Fighting Skills
   bare handed combat [Unskilled]
   riding             [Unskilled]
 Weapon Skills
   dagger             [Unskilled]
   knife              [Unskilled]
   axe                [Unskilled]
   short sword        [Unskilled]
   club               [Unskilled]
   mace               [Unskilled]
   quarterstaff       [Basic]
   polearms           [Unskilled]
   spear              [Unskilled]
   trident            [Unskilled]
   sling              [Unskilled]
   dart               [Unskilled]
   shuriken           [Unskilled]
 Spellcasting Skills
   attack spells      [Basic]
   healing spells     [Unskilled]
   divination spells  [Unskilled]
   enchantment spells [Basic]
   clerical spells    [Unskilled]
   escape spells      [Unskilled]
   matter spells      [Unskilled]

Voluntary challenges:
 Character rerolling was not enabled.
 You were an atheist.
 You were illiterate.
 You never genocided any monsters.
 You never polymorphed an object.
 You never changed form.
 You used no wishes.
 You did not violate any of the special Sokoban rules.
Achievements:
 You entered a shop.
 You attained the rank of Conjurer.
 You entered Sokoban.

 The Dungeons of Doom: levels 1 to 6
    Level 1:
       A fountain, a sink.
    Level 2:
       A potion shop, a fountain.
    Level 3:
       A fountain.
    Level 4:
       A fountain, a sink.
    Level 5:
       Many fountains.
    Level 6:
       A fountain.
       Stairs up to Sokoban, level 5.
 Sokoban:
    Level 5: <- You were here.
       Unsolved.
       Final resting place for
          you, killed by a hobbit.


Vanquished creatures:
  a kitten
 an orc zombie
  a werejackal
  2 iguanas
 an acid blob
  a hobgoblin
  2 giant rats
  2 cave spiders
  a brown mold
  4 jackals
  a fox
  2 goblins
  a sewer rat
  4 grid bugs
  3 lichens
  a kobold zombie
  2 newts
30 creatures vanquished.

No species were genocided or became extinct.

Game over:
                       ----------
                      /          \
                     /    REST    \
                    /      IN      \
                   /     PEACE      \
                  /                  \
                  |    Eisengrim     |
                  |      430 Au      |
                  |   killed by a    |
                  |      hobbit      |
                  |                  |
                  |                  |
                  |       2026       |
                 *|     *  *  *      | *
        _________)/\\_//(\/(/\)/\//\/|_)_______

Goodbye Eisengrim the Wizard...

You died in Sokoban on dungeon level 5 with 933 points,
and 430 pieces of gold, after 1877 moves.
You were level 3 with a maximum of 18 hit points when you died.

